 Dungeon Crawl Stone Soup version 0.23-a0-32-g1388f29 (webtiles) character file.

34 glosham the Fighter (level 3, -2/50 HPs)
             Began as a Hill Orc Abyssal Knight on Aug 4, 2018.
             Was a Follower of Lugonu.
             Killed from afar by Natasha (7 damage)
             ... with a magic dart
             ... on level 2 of the Dungeon.
             The game lasted 00:08:13 (309 turns).

glosham the Fighter (Hill Orc Abyssal Knight)        Turns: 309, Time: 00:08:14

Health: -2/50      AC:  4    Str: 15      XL:     3   Next: 31%
Magic:  4/4        EV: 11    Int: 12      God:    Lugonu [*.....]
Gold:   14         SH:  0    Dex:  9 (10) Spells: 2/2 levels left

rFire    . . .     SeeInvis .   a - +1 hand axe
rCold    . . .     Gourm    .   (no shield)
rNeg     . . .     Faith    .   b - +1 leather armour
rPois    .         Spirit   .   (no helmet)
rElec    .         Reflect  .   (no cloak)
rCorr    .         Harm     .   (no gloves)
MR       .....                  (no boots)
Stlth    +.........             d - amulet of inaccuracy (curse)
HPRegen  0.16/turn              (no ring)
MPRegen  0.09/turn              (no ring)

@: slowed, very slow
A: no striking features
a: Depart the Abyss, Renounce Religion


You were on level 2 of the Dungeon.
You worshipped Lugonu.
Lugonu was aware of your devotion.
You were not hungry.

You visited 1 branch of the dungeon, and saw 2 of its levels.
You visited the Abyss 1 time.

You collected 14 gold pieces.

Inventory:

Hand Weapons
 a - a +1 hand axe (weapon)
Armour
 b - a +1 leather armour (worn)
Jewellery
 d - a cursed amulet of inaccuracy (around neck)
Potions
 e - a potion of degeneration {unknown}
 f - 2 potions of might
Comestibles
 c - a ration


   Skills:
 - Level 13.0 Fighting
 * Level 2.8 Axes
 - Level 2.1 Armour
 - Level 0.7 Dodging
 - Level 2.4 Invocations


You had 2 spell levels left.
You didn't know any spells.
Your spell library was empty.

Dungeon Overview and Level Annotations

Branches:
Dungeon (2/15)

Altars:

Annotations:
D:2 Natasha


Message History

Things that are here:
a club; a ball python corpse; a hobgoblin corpse You climb downwards.
Found 20 arrows and a great mace.
There is a stone staircase leading up here.
Found an inky potion.
Found an escape hatch in the floor.
Natasha, Servant of Life and Death comes into view.
Natasha hisses angrily.
Natasha casts a spell at you. You resist with significant effort.
You start resting.
Natasha is too close now for your liking.
You hit Natasha.
Natasha is lightly wounded.
Natasha barely misses you.
You barely miss Natasha.
Natasha is lightly wounded.
Natasha claws you.
* * * LOW HITPOINT WARNING * * *
Natasha casts a spell.
You barely miss Natasha.
Natasha is lightly wounded.
Natasha barely misses you.
You closely miss Natasha.
Natasha is lightly wounded.
Natasha casts a spell at you.
You feel yourself slow down.
You hit Natasha.
Natasha is heavily wounded.
Natasha stares at you and mumbles some strange words.
The magic dart hits you!
* * * LOW HITPOINT WARNING * * *
Natasha stares at you and mumbles some strange words.
The magic dart hits you!
* * * LOW HITPOINT WARNING * * *
You barely miss Natasha.
Natasha is heavily wounded.
Natasha casts a spell at you. The magic dart hits you!
You die...

#..... #..h..
#.....#######
##...........# #
.......#.#...##)##
#...>.#......(...
#!..5......#
#.####h......#
#....@<.....##
#.......###.#
##.####.# # # #.#
#.. #.## #.# ...
#.#


You could see Natasha and a crimson imp.

Vanquished Creatures
  A ball python (D:1)
  2 giant cockroaches (D:1)
  A hobgoblin (D:1)
  2 kobolds (D:1)
  A goblin (D:1)
  2 rats (D:1)
9 creatures vanquished.

Notes
Turn   | Place    | Note
-------+----------+-------------------------------------------
     0 | Abyss:1  | glosham the Hill Orc Abyssal Knight began the quest for the Orb.
     0 | Abyss:1  | Reached XP level 1. HP: 19/19 MP: 2/2
    26 | Abyss:1  | Noticed a smoke demon
    31 | Abyss:1  | Noticed a small abomination
    31 | Abyss:1  | Noticed a quasit
    48 | Abyss:1  | Noticed a smoke demon
   170 | Abyss:1  | Noticed a large abomination
   171 | Abyss:1  | Noticed a wraith
   173 | Abyss:1  | Reached skill level 9 in Fighting
   173 | Abyss:1  | Reached XP level 2. HP: 18/37 MP: 3/3
   174 | Abyss:1  | Reached skill level 13 in Fighting
   174 | Abyss:1  | Reached XP level 3. HP: 24/50 MP: 4/4
   175 | D:1      | Escaped the Abyss
   269 | D:1      | Reached * piety under Lugonu
   294 | D:2      | Noticed Natasha
   308 | D:2      | HP: 5/50 [Natasha/magic dart (3)]
   309 | D:2      | Killed from afar by Natasha

Vault maps used:
D:1:      eino_arrival_water_star
D:2:      first_ration, trog_butcher_becter, uniq_natasha,
          uniq_crazy_yiuf_cottage, uniq_robin, uniq_terence

Skill      XL: |  1  2 |
---------------+-------+-----
Fighting       | 9 13 | 13.0
Axes           | |  2.8
Armour         | |  2.1
Dodging        | |  0.7
Invocations    | |  2.4

Action                   || total
-------------------------++-------
Melee: Hand axe          ||    35
Invok: Depart the Abyss  ||     1
  Use: Potion            ||     2
       Scroll            ||     5
Armor: Leather armour    ||    22
Dodge: Dodged            ||    39

Table legend:
 A = Spawn XP
 B = Non-spawn XP
 C = Spawn XP percentage of total XP
 D = Spawn monster count
 E = Non-spawn monster count
 F = Spawn count percentage of total count
 G = Total turns spent on level
                    A         B        C        D         E        F      G
               +---------+---------+-------+---------+---------+-------+---------
         Total |       0 |      15 |   0.0 |       0 |       9 |   0.0 |   309
               +---------+---------+-------+---------+---------+-------+---------
           D:1 |       0 |      15 |   0.0 |       0 |       9 |   0.0 |   114
               +---------+---------+-------+---------+---------+-------+---------

Table legend:
 A = Turns spent in this place as a percentage of turns spent in the entire game.
 B = Non-inter-level travel turns spent in this place as a percentage of non-inter-level travel turns spent in the entire game.
 C = Inter-level travel turns spent in this place as a percentage of turns spent in this place.
 D = Turns resting spent in this place as a percentage of non-inter-level travel turns spent in this place.
 E = Turns spent auto-exploring this place as a percentage of non-inter-level travel turns spent in this place.
 F = Non-inter-level travel turns spent in this place divided by the number of levels of this place that you've seen.
                   A       B       C       D       E      F
               +-------+-------+-------+-------+-------+----------------------
         Total | 100.0 | 100.0 |   0.0 |  20.4 |   0.0 | 103.0
       Dungeon |  43.4 |  43.4 |   0.0 |   4.5 |   0.0 |  67.0
         Abyss |  56.6 |  56.6 |   0.0 |  32.6 |   0.0 | 175.0
               +-------+-------+-------+-------+-------+----------------------

Table legend:
 A = Kills in this place as a percentage of kills in entire the game.
 B = Kills by you in this place as a percentage of kills by you in the entire game.
 C = Kills by friends in this place as a percentage of kills by friends in the entire game.
 D = Other kills in this place as a percentage of other kills in the entire game.
 E = Experience gained in this place as a percentage of experience gained in the entire game.
 F = Experience gained in this place divided by the number of levels of this place that you have seen.
                   A       B       C       D       E      F
               +-------+-------+-------+-------+-------+----------------------
         Total | 100.0 | 100.0 |   N/A |   N/A | 100.0 |   5.0
       Dungeon | 100.0 | 100.0 |   N/A |   N/A | 100.0 |   7.5
               +-------+-------+-------+-------+-------+----------------------

Vault maps used:
D:1:      eino_arrival_water_star
D:2:      first_ration, trog_butcher_becter, uniq_natasha,
          uniq_crazy_yiuf_cottage, uniq_robin, uniq_terence
